 Dungeon Crawl Stone Soup version 0.19.1 (webtiles) character file.

60 XO4YCPATb the Twirler (level 3, -1/27 HPs)
             Began as a Demonspawn Gladiator on Dec 11, 2016.
             Killed by divine providence
             ... invoked by an orc priest
              (10 damage)
             ... on level 2 of the Dungeon.
             The game lasted 00:03:15 (2139 turns).

XO4YCPATb the Twirler (Demonspawn Gladiator)        Turns: 2139, Time: 00:03:16

Health: -1/27      AC:  4    Str: 15    XL:     3   Next: 82%
Magic:  3/3        EV: 12    Int: 10    God:
Gold:   120        SH:  0    Dex: 13    Spells: 0 memorised, 2 levels left

rFire  . . .     SeeInvis .     a - +0 quarterstaff
rCold  + . .     Gourm    +     b - +0 leather armour
rNeg   . . .     Faith    .     (shield currently unavailable)
rPois  .         Spirit   .     c - +0 helmet
rElec  .         Reflect  .     (no cloak)
rCorr  .         Harm     .     (no gloves)
MR     .....                    (no boots)
Stlth  +.........               i - amulet of the gourmand
                                (no ring)
                                (no ring)

@: no status effects
A: cold resistance 1, spiny 1
a: no special abilities


You were on level 2 of the Dungeon.
You were completely stuffed.

You visited 1 branch of the dungeon, and saw 3 of its levels.

You collected 120 gold pieces.

Inventory:

Hand Weapons
 a - a +0 quarterstaff (weapon)
Missiles
 d - 4 throwing nets (quivered)
Armour
 b - a +0 leather armour (worn)
 c - a +0 helmet (worn)
Jewellery
 h - an uncursed ring of fire
 i - an amulet of the gourmand (around neck)
Scrolls
 e - a scroll of magic mapping
 l - 2 scrolls of remove curse
Potions
 j - a potion of ambrosia {unknown}
 k - a potion of heal wounds {unknown}
 m - a potion of curing {unknown}
 n - a potion of flight {unknown}
Comestibles
 f - 2 bread rations
 g - a beef jerky
 o - 2 meat rations


   Skills:
 - Level 2.0 Fighting
 * Level 4.3 Staves
 - Level 1.7 Throwing
 - Level 2.6 Dodging


You had 2 spell levels left.
You didn't know any spells.

Dungeon Overview and Level Annotations

Branches:
Dungeon (3/15)

Altars:


Innate Abilities, Weirdness & Mutations

Your flesh is cold resistant. (rC+)
You are partially covered in sharp spines.


Message History

There is a stone staircase leading up here.
The orc priest closely misses you. The goblin hits you but does no damage.
The ooze hits you.
You climb upwards.
There is a stone staircase leading down here.
Unknown command.
You hit the orc priest.
The orc priest is moderately wounded.
The orc priest mumbles some strange prayers to Beogh against you.
Pain shoots through your body! The goblin is struck by your spines.
You kill the goblin!
The ooze closely misses you.
You closely miss the orc priest.
The orc priest is moderately wounded.
The orc priest hits you with a dagger. The ooze hits you.
You barely miss the orc priest.
The orc priest is moderately wounded.
The orc priest mumbles some strange prayers to Beogh against you.
Beogh smites you!
You die...

#..................".
#...##.#...........).
######.#####.##.#####
#.# #.##.# #.#####.##.#
#.......##.# ###
##################.###.#
#.....).o.# #.##.#.
#......@..# #####.#.###
#.......J.# #......##..
#.........####.....#.#.#
#.......................
#.........####.......#.#
#.........# #......####
#.........# #####.##
#.<.......# #.#
#######.### #.#


You could see an orc priest and an ooze.

Vanquished Creatures
  A gnoll (D:1)
  An adder (D:2)
  2 worms (D:2)
  A dart slug (D:2)
  4 goblins
  3 hobgoblins
  4 jackals (D:1)
  A quokka (D:2)
  5 bats
  2 frilled lizards (D:2)
  5 kobolds
  5 rats
34 creatures vanquished.

Notes
Turn   | Place    | Note
-------+----------+-------------------------------------------
     0 | D:1      | XO4YCPATb the Demonspawn Gladiator began the quest for the Orb.
     0 | D:1      | Reached XP level 1. HP: 16/16 MP: 1/1
   136 | D:1      | Reached skill level 3 in Staves
   136 | D:1      | Gained mutation: Your flesh is cold resistant. (rC+) [demonic ancestry]
   136 | D:1      | Reached XP level 2. HP: 22/22 MP: 2/2
   879 | D:2      | Gained mutation: You are partially covered in sharp spines. [demonic ancestry]
   879 | D:2      | Reached XP level 3. HP: 27/27 MP: 3/3
  1126 | D:2      | Reached skill level 4 in Staves
  2139 | D:2      | Killed from afar by an orc priest

Skill      XL: |  1  2  3 |
---------------+----------+-----
Staves         | 3 4 |  4.3
Fighting       | |  2.0
Throwing       | |  1.7
Dodging        | |  2.6

Action                   || total
-------------------------++-------
Melee: Quarterstaff      ||    90
Throw: Throwing net      ||     1
  Use: Scroll            ||     4
 Stab: Held in net/web   ||     1
  Eat: Chunk             ||    18
Armor: Leather armour    ||    28
Dodge: Dodged            ||    48
